 Dungeon Crawl Stone Soup version 0.31-a0-1154-gadca813884 (webtiles) character file.

Game seed: 6480423881330721550

57 Turgor the Changeling (level 3, -5/28 HPs)
             Began as a Demigod Shapeshifter on Dec 7, 2023.
             Killed by divine providence
             ... invoked by an orc priest
              (15 damage)
             ... on level 3 of the Dungeon.
             The game lasted 00:07:48 (1875 turns).

Turgor the Changeling (Demigod Shapeshifter)        Turns: 1875, Time: 00:07:48

Health: -5/28      AC:  2    Str: 15    XL:     3   Next: 50%
Magic:  5/5        EV: 12    Int: 16    God:
Gold:   124        SH:  0    Dex: 13    Spells: 2/2 levels left

rFire   . .          .
                       - Unarmed
rCold   . . .        (no shield)
rNeg    . . .        a - +0 animal skin
rPois   .            (helmet currently unavailable)
rElec   .            (cloak currently unavailable)
rCorr   .            (gloves currently unavailable)
SInv    .            (boots currently unavailable)
Will    .....        (no amulet)
Stlth   +            (no ring)
HPRegen 0.24/turn    (no ring)
MPRegen 0.09/turn

%: no passive effects
@: beast-form
A: beast (slay +1), high MP 1, forlorn, divine attributes
a: Begin Untransformation


You were on level 3 of the Dungeon.
You were a hulking beast.
You visited 1 branch of the dungeon, and saw 3 of its levels.

You collected 124 gold pieces.

Inventory:

Hand Weapons
 m - a +3 vampiric dagger
Missiles
 e - 5 javelins (quivered)
 o - 4 silver javelins
Armour
 a - a +0 animal skin (worn)
 k - a +0 leather armour
Jewellery
 g - an amulet of guardian spirit
Talismans
 c - a beast talisman
 d - a flux talisman
Wands
 p - a wand of charming (12)
Scrolls
 h - a scroll of revelation {unknown}
 j - a scroll of identify
 l - a scroll of fog {unknown}
Potions
 b - a potion of lignification
 f - a potion of curing
 i - a potion of enlightenment
 n - a potion of attraction {unknown}


   Skills:
 + Level 1.5 Fighting
 + Level 2.2 Dodging
 + Level 3.1 Unarmed Combat
 * Level 3.3 Shapeshifting


You had 2 spell levels left.
You didn't know any spells.
Your spell library contained the following spells:

 Spells                   Type           Power      Damage    Failure   Level
 Cigotuvi's Dreadful Rot  Necr/Pois/Air  0%         N/A       36%         2
 Volatile Blastmotes      Fire/Tloc      0%         2d10      58%         3
 Dispel Undead            Necr           0%         3d6       94%         4
 Fulminant Prism          Conj/Hex       0%         3d5       94%         4
 Iskenderun's Mystic Bla  Conj/Tloc      0%         2d3       94%         4
 Death Channel            Necr           0%         N/A       100%        6


Dungeon Overview and Level Annotations

Branches:
Dungeon (3/15)

Shops:
D:2 =


Innate Abilities, Weirdness & Mutations

You are a hulking beast.
Your limbs bulge with bestial killing power. (Slay +1)
You have an increased reservoir of magic. (+10% MP)
You shall have no god before yourself.
Your divine heritage dramatically boosts your attributes as you level up.


Message History

Gang up on whom?
Press: ? - help, Dir - move target, f - orc priest, p - orc wizard
Aim: an orc priest, wielding a +0 dagger Attack!
The ball python bites your orc wizard. The ball python grabs your orc wizard.
The ball python constricts your orc wizard.
The orc shoots an arrow.
The arrow hits your orc wizard!
Your orc wizard casts a spell.
Your orc wizard flickers and vanishes for a moment.
The orc priest miscasts a cantrip.
The ball python bites your orc wizard.
The ball python constricts your orc wizard.
Unknown command.
Unknown command.
The orc shoots an arrow.
The arrow barely misses your orc wizard.
The arrow barely misses you.
Your orc wizard hits the orc with a +0 dagger.
The ball python bites your orc wizard.
The ball python constricts your orc wizard.
The orc unwields a +0 orcbow.
The orc wields a +0 falchion.
The orc hits your orc wizard but does no damage.
Your orc wizard hits the orc with a +0 dagger.
The ball python bites your orc wizard but does no damage.
The ball python constricts your orc wizard.
Your orc wizard hits the ball python with a +0 dagger.
The ball python dies!
The orc hits your orc wizard with a +0 falchion.
Your orc wizard dies!
The orc shouts!
Aiming: Charm
Press: ? - help, Shift-Dir - straight line, f/p - orc priest
Aim: an orc priest, wielding a +0 dagger (chance to affect: 49%)
The orc priest resists with some effort.
The orc unwields a +0 falchion.
The orc wields a +0 orcbow.
The orc shoots an arrow.
The arrow misses you.
The orc priest calls down the wrath of Beogh upon you.
Beogh smites you!
Ouch! That really hurt!
You die...

..##### ######### .......#
#........ #.... #......# #h#
# #... ##..o...# #.# #. #...
........# #.# #.##.)
........# #.# #.....
........###)# ####....# .
......)...oo####.........##.
................... #.#<...
...........##...... #....#.
####............... ####.#


You could see an orc priest and an orc.

Vanquished Creatures
  An adder (D:2)
  A worm (D:2)
  2 dart slugs
  An orc (D:3)
  2 ball pythons
  4 bats
  3 endoplasms
  2 giant cockroaches (D:1)
  6 goblins
  A hobgoblin (D:1)
  3 quokkas
  A frilled lizard (D:1)
  3 kobolds
  A rat (D:1)
31 creatures vanquished.

Vanquished Creatures (collateral kills)
  A ball python (D:3)
1 creature vanquished.

Vanquished Creatures (others)
  An orc wizard (D:3)
1 creature vanquished.

Grand Total: 33 creatures vanquished

Notes
Turn   | Place    | Note
-------+----------+-------------------------------------------
     0 | D:1      | Turgor the Demigod Shapeshifter began the quest for the
                  | Orb.
     0 | D:1      | Reached XP level 1. HP: 15/15 MP: 3/3
    50 | D:1      | Reached skill level 1 in Fighting
   273 | D:1      | Reached XP level 2. HP: 21/23 MP: 4/4
  1180 | D:2      | Reached XP level 3. HP: 16/28 MP: 5/5
  1326 | D:2      | Found Hanyox's Jewellery Boutique.
  1866 | D:3      | HP: 1/28 [orc priest/divine providence (15)]
  1875 | D:3      | Killed from afar by an orc priest

Illustrated notes

Levels and vault maps discovered:
D:1:      lemuel_arrival_muddy, layout_loops_ring, minivault_25
D:2:      layout_basic, ebering_ecumenical_altar_box, serial_shops, shop_statue
D:3:      layout_basic, nicolae_overflow_crystal_walls,
          amcnicky_altar_lugonu_corruption, uniq_terence

Skill      XL: |  1  2 |
---------------+-------+-----
Fighting       | 1 |  1.5
Dodging        | 2 |  2.2
Shapeshifting  | 3 |  3.3
Unarmed Combat | 3 |  3.1

Action                     || total
---------------------------++-------
  Melee: Unarmed           ||   117
         Punch             ||     1
  Throw: Javelin           ||     1
  Evoke: Wand              ||     3
    Use: Potion            ||     2
         Scroll            ||     1
   Stab: Sleeping          ||     3
 Armour: Animal skin       ||    59
  Dodge: Dodged            ||    74

Table legend: (Time is in decaauts)
 A = Elapsed time spent in this place.
 B = Non-inter-level travel time spent in this place.
 C = Inter-level travel time spent in this place.
 D = Time resting spent in this place.
 E = Time spent auto-exploring this place.
 F = Levels seen in this place.
 G = Mean time per level.
                   A        B        C        D        E       F      G
               +--------+--------+--------+--------+--------+-----+--------+
         Total |   1872 |   1823 |     49 |      0 |   1504 |   3 |  624.0 |
       Dungeon |   1872 |   1823 |     49 |      0 |   1504 |   3 |  624.0 |
               +--------+--------+--------+--------+--------+-----+--------+

Top non-repeatable levels by time:
     D:2: 977 daAuts
     D:1: 844 daAuts
     D:3: 51 daAuts
